 Dungeon Crawl Stone Soup version 0.16.2-2-g470672f (webtiles) character file.

282 CrazyArbalest the Bolt Thrower (level 6, -1/50 HPs)
             Began as a Centaur Hunter on Aug 21, 2015.
             Killed from afar by Edmund (8 damage)
             ... with a wand of flame
             ... on level 4 of the Dungeon on Aug 22, 2015.
             The game lasted 00:19:22 (4884 turns).

CrazyArbalest the Bolt Thrower (Centaur Hunter)     Turns: 4884, Time: 00:19:22

Health: -1/50      AC:  6    Str: 15    XL:     6   Next: 6%
Magic:  5/5        EV:  9    Int: 10    God:
Gold:   173        SH:  0    Dex: 11    Spells: 0 memorised, 5 levels left

rFire  . . .     SeeInvis .     b - +1 hand crossbow
rCold  . . .     Clarity  .     E - +0 ring mail
rNeg   . . .     SustAb   .     (no shield)
rPois  .         Gourm    .     w - +0 helmet
rElec  .         Spirit   .     (no cloak)
rCorr  .         Warding  .     (no gloves)
rMut   .         Stasis   .     (no barding)
MR     .....                    (no amulet)
Stlth  ..........               (no ring)
                                (no ring)

@: lethally poisoned (-1 -> -10), very quick, not resistant to hostile
enchantments, extremely unstealthy
A: hooves 3, deformed body, speed 2, tough skin 3
a: no special abilities


You were on level 4 of the Dungeon.
You were hungry.

You visited 1 branch of the dungeon, and saw 4 of its levels.

You collected 173 gold pieces.

Inventory:

Hand weapons
 a - a +0 flail
 b - a +1 hand crossbow (weapon)
 j - a +0 whip
 u - a +0 dagger of venom
 A - a +0 whip
 B - a +0 war axe
 F - a +0 hand axe
Missiles
 c - 57 bolts (quivered)
Armour
 d - a +0 leather armour
 w - a +0 helmet (worn)
 E - a +0 ring mail (worn)
Jewellery
 l - an uncursed ring of magical power {unknown}
 t - an uncursed ring of teleport control {unknown}
Magical devices
 v - a wand of confusion (7)
 K - a wand of random effects (19)
Scrolls
 g - 3 scrolls of magic mapping {unknown}
 h - 6 scrolls of identify {unknown}
 m - 2 scrolls of remove curse {unknown}
 n - 2 scrolls of teleportation {unknown}
 o - 2 scrolls of fog {unknown}
 p - 2 scrolls of recharging {unknown}
 s - a scroll of enchant armour {unknown}
 y - a scroll of fear {unknown}
 G - a scroll of blinking {unknown}
 I - a scroll of random uselessness {unknown}
Potions
 e - a potion of curing
 i - a potion of brilliance {unknown}
 k - a potion of mutation {unknown}
 r - 3 potions of lignification {unknown}
 C - a potion of invisibility {unknown}
Books
 D - a book of Death

   Spells                             Type                      Level
   a - Corpse Rot                     Necromancy                   2
   b - Sublimation of Blood           Necromancy                   2
   c - Agony                          Necromancy                   5
   d - Dispel Undead                  Necromancy                   5
   e - Excruciating Wounds            Charms/Necromancy            5
   f - Bolt of Draining               Conjuration/Necromancy       5
 H - a book of Cantrips

   Spells                             Type                      Level
   a - Corona                         Hexes                        1
   b - Animate Skeleton               Necromancy                   1
   c - Summon Small Mammal            Summoning                    1
   d - Apportation                    Translocation                1
Comestibles
 f - 4 bread rations
 q - 2 beef jerkies
 x - a chunk of flesh
 z - 2 fruits
 J - a meat ration


   Skills:
 + Level 2.4 Fighting
 - Level 0.5 Short Blades
 + Level 1.0 Maces & Flails
 * Level 6.3 Crossbows
 + Level 1.6 Armour
 + Level 2.4 Dodging
 + Level 0.6 Stealth


You had 5 spell levels left.
You didn't know any spells.

Dungeon Overview and Level Annotations

Branches:
Dungeon (4/15)
 Temple: D:4-7

Altars:
Elyvilon

Annotations:
D:4 Edmund


Innate Abilities, Weirdness & Mutations

You have hooves in place of feet.
Armour fits poorly on your strangely shaped body.
You cover ground very quickly.
You have extremely tough skin (AC +3).


Message History

The worker ant is almost dead.
You feel sick. The worker ant barely misses you.
Firing (i - inventory):
c - 58 bolts (quivered)
Press: ? - help, Shift-Dir - straight line, f/p - Edmund
Aim: Edmund, wielding a flail of protection, wearing a leather armour and carrying a wand of flame {zapped: 9} (moderately wounded)
You shoot a bolt. The bolt hits the worker ant!
You kill the worker ant!
You have reached level 6!
Your experience leads to an increase in your attributes!
Increase (S)trength, (I)ntelligence, or (D)exterity?
You feel agile.
You feel sick.
Edmund says, "People accused me of being a cutpurse!"
Edmund zaps a wand.
The puff of flame hits you!
You feel sick.
Edmund zaps a wand.
The puff of flame hits you!
* * * LOW HITPOINT WARNING * * *
You are feeling hungry.
* * * LOW HITPOINT WARNING * * *
You feel sick.
Edmund zaps a wand.
The puff of flame hits you!
You die...

#........# #.#
#######.## #.# #.#
#####.# ##'## #.....#
##...## #.#####
#####.....## #.##
..##.......## #..##
#.#.........####...##
..'.........+...@...#
#.#.........####...##
#.##.......## #..##
#.###.....## #.## #.#
##...## #(# ..# ##'##
#@## ### #.# #(.# ###
#.# ##.# ###.###.##
#(#


You could see Edmund.

Vanquished Creatures
  A scorpion (D:4)
  An orc priest (D:4)
  3 worker ants
  Robin (D:3)
  An adder (D:4)
  3 worms
  2 oozes
  7 orcs
  A bat skeleton (D:4)
  A giant cockroach (D:1)
  16 goblins
  8 hobgoblins
  4 jackals
  2 quokkas
  A ball python (D:1)
  11 bats
  2 giant geckos
  A giant gecko zombie (D:4)
  2 giant newts
  A jackal skeleton (D:4)
  9 kobolds
  A quokka skeleton (D:4)
  18 rats
97 creatures vanquished.

Notes
Turn   | Place    | Note
--------------------------------------------------------------
     0 | D:1      | CrazyArbalest, the Centaur Hunter, began the quest for the Orb.
     0 | D:1      | Reached XP level 1. HP: 17/17 MP: 1/1
   266 | D:1      | Reached XP level 2. HP: 14/24 MP: 2/2
  1188 | D:2      | Reached skill level 5 in Crossbows
  1380 | D:2      | Reached XP level 3. HP: 24/29 MP: 3/3
  1832 | D:2      | Found a white marble altar of Elyvilon.
  2457 | D:3      | Noticed Robin
  2563 | D:3      | Killed Robin
  2563 | D:3      | Reached XP level 4. HP: 14/37 MP: 3/3
  3015 | D:3      | Reached skill level 1 in Armour
  3741 | D:4      | Reached XP level 5. HP: 42/42 MP: 4/4
  3890 | D:4      | Reached skill level 1 in Maces & Flails
  4084 | D:4      | Noticed Edmund
  4493 | D:4      | Reached skill level 6 in Crossbows
  4881 | D:4      | Reached XP level 6. HP: 30/50 MP: 5/5
  4884 | D:4      | Killed from afar by Edmund

Action                   |  1- 3 |  4- 6 || total
-------------------------+-------+-------++-------
Melee: Short sword       |   136 |       ||   136
       Flail             |    53 |    71 ||   124
       Hand crossbow     |     2 |       ||     2
       Dagger            |       |    14 ||    14
 Fire: Hand crossbow     |    15 |    64 ||    79
  Use: Potion            |     2 |       ||     2
  Eat: Chunk             |     3 |     6 ||     9
